 Dungeon Crawl Stone Soup version 0.28.0-43-g3370ac3207 (webtiles) character file.

Game seed: 16285008425654483071

18 Haiku the Scratcher (level 2, 0/14 HPs)
             Began as a Felid Chaos Knight on Mar 7, 2022.
             Was a Plaything of Xom.
             Slain by a giant cockroach (2 damage)
             ... on level 1 of the Dungeon.
             The game lasted 00:03:21 (311 turns).

Haiku the Scratcher (Felid Chaos Knight)             Turns: 311, Time: 00:03:22

Health: 0/14       AC:  1    Str:  8    XL:     2   Next: 51%
Magic:  2/3        EV: 17    Int: 13    God:    Xom [..*...]
Gold:   39         SH:  0    Dex: 15    Spells: 0/1 levels left
                                        Lives:  0   Deaths: 0

rFire   . . .      SeeInvis +     - Unarmed
rCold   . . .      Faith    .   (shield unavailable)
rNeg    . . .      Spirit   .   (armour unavailable)
rPois   .          Reflect  .   (helmet unavailable)
rElec   .          Harm     .   (cloak unavailable)
rCorr   .          Rampage  .   (gloves unavailable)
Will    .....                   (boots unavailable)
Stlth   ++........              (no amulet)
HPRegen 0.04/turn               (no ring)
MPRegen 0.08/turn               (no ring)

@: mighty, quick
A: very small, claws 1, fangs 3, see invisible, speed 1, shaggy fur 1, stealthy
paws, no weapons or thrown items, no armour, multi-lived
a: Renounce Religion


You were on level 1 of the Dungeon.
You worshipped Xom.
You were a toy of Xom.
You visited 1 branch of the dungeon, and saw 1 of its levels.

You collected 39 gold pieces.

Inventory:

Scrolls
 b - a scroll of torment {unknown}
 c - 3 scrolls of amnesia {unknown}
 e - a scroll of blinking {unknown}
Potions
 a - a potion of attraction {unknown}


   Skills:
 * Level 3.2 Fighting
 * Level 3.3 Dodging
 * Level 1.0 Stealth
 * Level 3.4 Unarmed Combat
 * Level 0.2 Spellcasting


You couldn't memorise any spells.
You knew the following spells:

 Your Spells              Type           Power      Damage    Failure   Level
a - Summon Small Mammal   Summ           0%         N/A       30%         1

Your spell library contained the following spells:

 Spells                   Type           Power      Damage    Failure   Level
 Call Canine Familiar     Summ           0%         N/A       67%         3
 Summon Guardian Golem    Hex/Summ       0%         N/A       67%         3


Dungeon Overview and Level Annotations

Branches:
Dungeon (1/15)

Altars:


Innate Abilities, Weirdness & Mutations

You have sharp claws.
You have razor-sharp teeth.
You have supernaturally acute eyesight. (SInv)
You cover ground quickly. (Speed+)
You are covered in fur. (AC +1)
Your paws help you pounce on unaware monsters.
You are incapable of wielding weapons or throwing items.
You cannot wear armour.
You gain extra lives every three experience levels.


Message History

Your bat hits the hobgoblin but does no damage.
The kobold misses you.
Casting: Summon Small Mammal (safe; 30% risk of failure)
Confirm with . or Enter, or press ? or * to list all spells.
You miscast Summon Small Mammal.
You are very lightly contaminated with residual magic.
Nothing appears to happen.
Your bat misses the kobold. The hobgoblin hits you.
* * * LOW HITPOINT WARNING * * *
Xom is interested.
A shower of butterflies erupts from you!
The giant cockroach misses you.
Your bat hits the kobold but does no damage.
The kobold hits you but does no damage.
Your bat hits the hobgoblin.
You swap places.
The kobold closely misses your butterfly.
Your bat hits the hobgoblin but does no damage.
The kobold hits your bat with a +0 short sword.
Your bat dies!
Your bat's corpse disappears in a puff of smoke!
The kobold throws a stone.
The stone misses you.
The giant cockroach completely misses you.
The giant cockroach completely misses your butterfly.
The giant cockroach barely misses your butterfly.
Your magical contamination has completely faded away.
The kobold throws a stone.
The stone misses you.
It was a potion of might.
You feel very mighty all of a sudden.
You barely miss the hobgoblin.
The hobgoblin is heavily wounded.
The hobgoblin misses you.
You closely miss the hobgoblin.
The hobgoblin is heavily wounded.
The hobgoblin misses you.
You scratch the hobgoblin.
You kill the hobgoblin!
Your Stealth skill increases to level 1!
You barely miss the giant cockroach. The giant cockroach bites you.
You die... "It was about time."

##...........# #.#
##.#.#.#.#.## #.#
####..##### #.#
##.# ######.###
#.# #........#
#.#### #........#
#....# #...b....#
####.####...b....#
.......@B........#
####..###K.......#
##.. #####.####
#.# #.# .. ###.#
##. #..)# #.###
... ....


You could see a giant cockroach and a kobold.

Vanquished Creatures
  2 giant cockroaches (D:1)
  2 goblins (D:1)
  4 hobgoblins (D:1)
  A ball python (D:1)
  2 bats (D:1)
  3 kobolds (D:1)
  2 rats (D:1)
16 creatures vanquished.

Notes
Turn   | Place    | Note
-------+----------+-------------------------------------------
     0 | D:1      | Haiku the Felid Chaos Knight began the quest for the Orb.
     0 | D:1      | Reached XP level 1. HP: 10/10 MP: 2/2
   127 | D:1      | XOM: smoke on damage
   158 | D:1      | Reached XP level 2. HP: 9/14 MP: 3/3
   209 | D:1      | XOM: butterfly on damage
   287 | D:1      | Learned a level 1 spell: Summon Small Mammal
   297 | D:1      | XOM: butterfly on damage
   311 | D:1      | Reached skill level 1 in Stealth
   311 | D:1      | Slain by a giant cockroach

Illustrated notes

Levels and vault maps discovered:
D:1:      lemuel_arrival_behind_the_door_large, layout_rooms, st_stairs_10

Skill      XL: |  1  2 |
---------------+-------+-----
Stealth        | 1 |  1.0
Fighting       | |  3.2
Dodging        | |  3.3
Unarmed Combat | |  3.4
Spellcasting   | |  0.2

Action                   || total
-------------------------++-------
Melee: Unarmed           ||    47
       Bite              ||     2
       Punch             ||     2
 Cast: Summon Small Mamm ||     1
  Use: Potion            ||     1
 Stab: Distracted        ||     1
Armor: Skin              ||     3
Dodge: Dodged            ||    37
